 Dungeon Crawl Stone Soup version 0.18-a0-1485-g189885c (webtiles) character file.

406 Karasique the Chopper (level 6, 0/57 HPs)
             Began as a Hill Orc Abyssal Knight on Mar 3, 2016.
             Was a Believer of Lugonu.
             Slain by an adder (2 damage)
             ... on level 4 of the Dungeon.
             The game lasted 00:09:53 (4660 turns).

Karasique the Chopper (Hill Orc Abyssal Knight)     Turns: 4660, Time: 00:09:53

Health: 0/57       AC:  9    Str: 15    XL:     6   Next: 87%
Magic:  9/9        EV: 12    Int: 12    God:    Lugonu [**....]
Gold:   107        SH:  0    Dex: 14    Spells: 0 memorised, 5 levels left

rFire  + . .     SeeInvis .     a - +1 hand axe
rCold  . . .     Gourm    .     q - +0 ring mail
rNeg   . . .     Faith    .     (no shield)
rPois  .         Spirit   .     s - +0 helmet
rElec  .         Dismiss  .     (no cloak)
rCorr  .         Reflect  .     p - +0 pair of gloves
SustAt .         Harm     .     n - +1 pair of boots {run}
MR     .....                    (no amulet)
Stlth  +.........               (no ring)
                                (no ring)

@: lethally poisoned (0 -> -1), quick, not resistant to hostile enchantments,
very unstealthy
A: repulsion field 1, agile 1, fire resistance 1, robust 1
a: Depart the Abyss, Bend Space, Renounce Religion


You were on level 4 of the Dungeon.
You worshipped Lugonu.
Lugonu was pleased with you.
You were not hungry.

You visited 1 branch of the dungeon, and saw 4 of its levels.
You visited the Abyss 1 time.

You collected 107 gold pieces.

Inventory:

Hand Weapons
 a - a +1 hand axe (weapon)
Armour
 n - a +1 pair of boots of running (worn)
 p - a +0 pair of gloves (worn)
 q - a +0 ring mail (worn)
 s - a +0 helmet (worn)
Scrolls
 b - 4 scrolls of remove curse
 h - 2 scrolls of fear {unknown}
 j - a scroll of identify
 l - 2 scrolls of teleportation {unknown}
 m - a scroll of amnesia {unknown}
 t - a scroll of blinking {unknown}
Potions
 e - a potion of heal wounds
 f - a potion of might
 g - a potion of resistance {unknown}
 i - 3 potions of curing {unknown}
 k - 2 potions of cure mutation
 o - a potion of cancellation {unknown}
Comestibles
 c - 4 bread rations
 d - 2 slices of pizza
 r - 2 chunks of flesh


   Skills:
 + Level 4.1 Fighting
 + Level 7.7 Axes
 - Level 2.1 Armour
 - Level 0.7 Dodging
 + Level 5.2 Invocations


You had 5 spell levels left.
You didn't know any spells.

Dungeon Overview and Level Annotations

Branches:
Dungeon (4/15)
 Temple: D:4-7

Altars:
Pakellas
Trog
Vehumet

Annotations:
D:3 1 exclusion
D:4 Duffy's ghost, novice OgHu


Innate Abilities, Weirdness & Mutations

You are surrounded by a mild repulsion field (EV +2).
You are agile. (Dex +2)
Your flesh is heat resistant.
You are robust (+10% HP).


Message History

Lugonu accepts your kill.
You see here a worker ant corpse.
You butcher the worker ant corpse.
You feel sick.
r - 3 chunks of flesh (gained 1)
You start resting.
Eating one of 3 chunks of flesh.
This raw flesh tastes terrible.
You continue eating.
You feel sick.
You continue eating.
You feel sick.
The centaur shouts!
The centaur shoots an arrow.
The arrow barely misses you.
The centaur shoots an arrow.
The arrow hits you but does no damage.
Found a beef jerky.
You see here 2 arrows.
Found 5 gold pieces.
An adder comes into view.
You feel sick.
The centaur shoots an arrow.
The arrow hits you! The adder bites you.
You die...

#........#####(c.#####..
#...#....(.....⌠........
#...#...c#####...#####.#
#.......## +#.#'...###
#.......# #.#...8.#
#.......# #.#.._..##
##%.....# #.#.8.8.#.
#......## #.##...###
#.....@S# ... #####.
#......$..# #.# #.
##..##....# #.# #. #..
#....# #. #.. ####'# #.
+. .. #. ..# #. .# ##


You could see a centaur and an adder.

Vanquished Creatures
  A scorpion (D:4)
  A hound (D:4)
  3 orc priests
  A giant frog skeleton (D:4)
  2 worker ants (D:4)
  4 gnolls
  5 adders
  A worm (D:2)
  A dart slug (D:1)
  3 giant geckos (D:3)
  5 orcs (D:3)
  5 giant cockroaches
  11 hobgoblins
  8 jackals
  3 kobolds
  3 quokkas
  2 bats (D:2)
  6 giant newts
  5 goblins
  4 rats
74 creatures vanquished.

Vanquished Creatures (others)
  A plant (D:2)
1 creature vanquished.

Grand Total: 75 creatures vanquished

Notes
Turn   | Place    | Note
--------------------------------------------------------------
     0 | Abyss:1  | Karasique the Hill Orc Abyssal Knight began the quest for the Orb.
     0 | Abyss:1  | Reached XP level 1. HP: 19/19 MP: 2/2
    69 | Abyss:1  | Noticed a starcursed mass
    69 | D:1      | Escaped the Abyss
   201 | D:1      | Reached skill level 3 in Axes
   295 | D:1      | Reached XP level 2. HP: 24/26 MP: 3/3
   787 | D:2      | Reached skill level 4 in Axes
   815 | D:2      | HP: 1/26 [gnoll/spear (3)]
  1170 | D:2      | Reached XP level 3. HP: 23/31 MP: 4/4
  1363 | D:1      | Reached * piety under Lugonu
  1504 | D:1      | Reached skill level 5 in Axes
  1765 | D:2      | Identified a +1 pair of boots of running (You found it on level 2 of the Dungeon)
  2172 | D:2      | Reached XP level 4. HP: 17/39 MP: 5/5
  2494 | D:2      | Gained mutation: Your muscles are strong. (Str +2) [potion of mutation]
  2494 | D:2      | Gained mutation: You are agile. (Dex +2) [potion of mutation]
  2494 | D:2      | Lost mutation: Your muscles are strong. (Str +2) [potion of mutation]
  2495 | D:2      | Gained mutation: You are robust (+10% HP). [potion of mutation]
  2495 | D:2      | Gained mutation: You are surrounded by a mild repulsion field (EV +2). [potion of mutation]
  2571 | D:3      | Reached skill level 6 in Axes
  2582 | D:3      | Noticed an orc warrior
  2814 | D:2      | Reached XP level 5. HP: 8/49 MP: 7/7
  3591 | D:3      | Reached skill level 7 in Axes
  3756 | D:2      | Reached XP level 6. HP: 42/56 MP: 9/9
  3767 | D:2      | Reached ** piety under Lugonu
  3859 | D:3      | Gained mutation: Your flesh is heat resistant. [potion of mutation]
  3859 | D:3      | Lost mutation: You are robust (+10% HP). [potion of mutation]
  3859 | D:3      | Gained mutation: You are robust (+10% HP). [potion of mutation]
  4254 | D:4      | Found a radiant altar of Vehumet.
  4257 | D:4      | Found an oddly glowing altar of Pakellas.
  4483 | D:4      | Found a bloodstained altar of Trog.
  4489 | D:4      | Noticed Duffy's ghost (novice OgHu)
  4631 | D:4      | Reached skill level 5 in Invocations
  4660 | D:4      | HP: 2/57 [centaur/arrow (3)]
  4660 | D:4      | Slain by an adder

Vault maps used:
D:1:      nagdon_arrival_zigzag_paths
D:2:      serial_bayou_lagoon_a
D:3:      kennysheep_big_flooded_room
D:4:      grunt_temple_overflow_cloverleaf, first_bread, kb_xom_exploding_sheep

Skill      XL: |  1  2  3  4  5  6 |
---------------+-------------------+-----
Axes           | 3 4 5 6 7 |  7.7
Invocations    | 3 4 5 |  5.2
Fighting       | 4 |  4.1
Armour         | |  2.1
Dodging        | |  0.7

Action                   |  1- 3 |  4- 6 || total
-------------------------+-------+-------++-------
Melee: Hand axe          |    86 |   252 ||   338
Invok: Depart the Abyss  |     1 |       ||     1
  Use: Scroll            |     1 |     4 ||     5
       Potion            |       |     3 ||     3
  Eat: Chunk             |     4 |     7 ||    11
       Pizza             |       |     1 ||     1
